 Dungeon Crawl Stone Soup version 0.31-a0-214-gb37851dbb3 (webtiles) character file.

Game seed: 6581889389922952300

25 qw the Shooter (level 2, -8/25 HPs)
             Began as a Minotaur Hexslinger on July 1, 2023.
             Mangled by a worm (10 damage)
             ... on level 2 of the Dungeon.
             The game lasted 00:00:13 (482 turns).

qw the Shooter (Minotaur Hexslinger)                 Turns: 482, Time: 00:00:14

Health: -8/25      AC:  2    Str: 12    XL:     2   Next: 82%
Magic:  2/2        EV: 12    Int: 10    God:
Gold:   76         SH:  0    Dex: 12    Spells: 2/3 levels left

rFire   . . .        Y - +1 sling
rCold   . . .        (no shield)
rNeg    . . .        c - +0 robe
rPois   .            (helmet restricted)
rElec   .            (no cloak)
rCorr   .            (no gloves)
SInv    .            (no boots)
Will    +....        (no amulet)
Stlth   +            h - ring of willpower
HPRegen 0.24/turn    (no ring)
MPRegen 0.08/turn

%: no passive effects
@: no status effects
A: horns 2, retaliatory headbutt
a: no special abilities


You were on level 2 of the Dungeon.
You visited 1 branch of the dungeon, and saw 2 of its levels.

You collected 76 gold pieces.


Innate Abilities, Weirdness & Mutations

You have a pair of horns on your head.
You reflexively headbutt those who attack you in melee.


   Skills:
 - Level 2.6 Fighting
 + Level 3.1 Ranged Weapons
 - Level 2.1 Dodging
 - Level 1.0 Spellcasting
 - Level 2.0 Hexes


You had 2 spell levels left.
You knew the following spells:

 Your Spells              Type           Power      Damage    Failure   Level
a - Slow                  Hex            16%        N/A       16%         1

Your spell library contained the following spells:

 Spells                   Type           Power      Damage    Failure   Level
 Inner Flame              Hex/Fire       2%         N/A       56%         3
 Portal Projectile        Hex/Tloc       4%         N/A       56%         3
 Cause Fear               Hex            2%         N/A       83%         4

Inventory:

Hand Weapons
 Y - a +1 sling (weapon)
Armour
 a - a +0 pair of gloves
 c - a +0 robe (worn)
Jewellery
 h - a ring of willpower (left hand)
Potions
 b - a potion of might {unknown}
 d - a potion of curing {unknown}
 e - a potion of attraction {unknown}
 f - a potion of resistance {unknown}

Dungeon Overview and Level Annotations

Branches:
Dungeon (2/15)

Altars:


Message History

You shoot a sling bullet. The sling bullet hits the adder.
The adder is moderately wounded.
The adder barely misses you. You furiously retaliate!
You headbutt the adder. The adder barely misses you.
A worm comes into view.
You shoot a sling bullet. The sling bullet hits the adder.
The adder is almost dead.
The adder completely misses you. The adder bites you.
You are poisoned.
The adder poisons you!
You shoot a sling bullet. The sling bullet misses the adder.
You feel very sick. The adder closely misses you.
You shoot a sling bullet.
The sling bullet closely misses the adder.
You feel sick. The adder barely misses you. The adder bites you.
You shoot a sling bullet.
The sling bullet closely misses the adder.
You feel sick. The adder bites you.
You shoot a sling bullet. The sling bullet hits the adder.
You kill the adder!
You feel sick.
Your Fighting skill increases to level 2!
You shoot a sling bullet. The sling bullet hits the worm.
The worm is lightly wounded.
You feel sick.
You are no longer poisoned.
The worm bites you!
You shoot a sling bullet. The sling bullet hits the worm!
The worm is moderately wounded.
The worm barely misses you.
You shoot a sling bullet.
The sling bullet barely misses the worm.
The worm barely misses you.
You shoot a sling bullet. The sling bullet hits the worm.
The worm is moderately wounded.
You shoot a sling bullet.
The sling bullet barely misses the worm.
The worm bites you!
You die...

########...#########......#.#
###.#....# #......#.#
#......# #......#.# ###..%.#
#......#.# #....####........#
#.......#......... .
#....##.###+#.#.##
....###....##..>....#.#
......w@...##########.#
.......##### #+# .......
....$.. ....... .....## .....
.....


You could see a worm.

Vanquished Creatures
  An adder (D:2)
  A giant cockroach (D:1)
  2 hobgoblins
  2 quokkas (D:1)
  A bat (D:1)
  2 frilled lizards (D:1)
  5 kobolds (D:1)
  A rat (D:1)
15 creatures vanquished.

Notes
Turn   | Place    | Note
-------+----------+-------------------------------------------
     0 | D:1      | qw the Minotaur Hexslinger began the quest for the Orb.
     0 | D:1      | Reached XP level 1. HP: 16/16 MP: 1/1
     0 | D:1      | 0 ||| qw: Version: 0.3-a-32-g5962c71
     0 | D:1      | 0 ||| qw: Game counter: 7469
     0 | D:1      | 0 ||| qw: Melee chars always use a shield: true
     0 | D:1      | 0 ||| qw: God list: Okawaru
     0 | D:1      | 0 ||| qw: Allow faded altars: false
     0 | D:1      | 0 ||| qw: Do Orc after clearing Dungeon:15 true
     0 | D:1      | 0 ||| qw: Do second Lair branch before Depths: true
     0 | D:1      | 0 ||| qw: Lair rune preference: random
     0 | D:1      | 0 ||| qw: Goals: Normal
     0 | D:1      | 0 ||| PLANNING D:1-11
   232 | D:1      | Reached skill level 3 in Ranged Weapons
   232 | D:1      | Reached XP level 2. HP: 23/23 MP: 2/2
   390 | D:1      | 390 ||| UPGRADING to ring of willpower.
   391 | D:1      | 391 ||| READING scroll labelled GESHRE MOSED.
   392 | D:1      | 392 ||| DROPPING scroll of poison.
   416 | D:2      | Found a faded altar of an unknown god.
   478 | D:2      | HP: 1/25 [worm (11)]
   482 | D:2      | Mangled by a worm

Levels and vault maps discovered:
D:1:      sevenhm_arrival_forest_fort_small_5, layout_rooms, minmay_tetromino_s4
D:2:      layout_basic, nicolae_ecumenical_pavilion

Skill      XL: |  1  2 |
---------------+-------+-----
Ranged Weapons | 3 |  3.1
Fighting       | 2 |  2.6
Dodging        | |  2.1
Spellcasting   | |  1.0
Hexes          | |  2.0

Action                     || total
---------------------------++-------
   Fire: Sling             ||    48
    Use: Scroll            ||     1
 Armour: Robe              ||     4
  Dodge: Dodged            ||    13

Table legend:
 A = Non-vault XP
 B = Vault XP
 C = Vault XP percentage of total XP
 D = Non-vault monster count
 E = Vault monster count
 F = Vault count percentage of total count
                 A         B        C        D         E       F
            +---------+---------+-------+---------+---------+-------
      Total |      34 |       2 |   5.6 |      13 |       2 |  13.3
            +---------+---------+-------+---------+---------+-------
        D:1 |      18 |       2 |  10.0 |      11 |       2 |  15.4
        D:2 |      16 |       0 |   0.0 |       2 |       0 |   0.0
            +---------+---------+-------+---------+---------+-------
